 Dungeon Crawl Stone Soup version 0.31-a0-675-g238779eb0a (webtiles) character file.

Game seed: 11178253408136385828

40 avis the Changeling (level 3, 16/16 HPs)
             Began as a Felid Shapeshifter on Sept 6, 2023.
             Got out of the dungeon alive.
             The game lasted 00:06:39 (1335 turns).

avis the Changeling (Felid Shapeshifter)            Turns: 1335, Time: 00:06:39

Health: 16/16      AC:  1    Str: 12    XL:     3   Next: 30%
Magic:  4/4        EV: 17    Int: 11    God:
Gold:   70         SH:  0    Dex: 15    Spells: 2/2 levels left
                                        Lives:  0   Deaths: 1

rFire   . .          .
                       - Unarmed
rCold   . . .        (shield unavailable)
rNeg    . . .        (body armour unavailable)
rPois   .            (helmet unavailable)
rElec   .            (cloak unavailable)
rCorr   .            (gloves unavailable)
SInv    +            (boots unavailable)
Will    .....        (no amulet)
Stlth   +            (no ring)
HPRegen 0.22/turn    (no ring)
MPRegen 0.09/turn

%: no passive effects
@: beast-form, quick
A: beast (slay +2), very small, claws 1, fangs 3, see invisible, speed 1, shaggy
fur 1, stealthy paws, no weapons or thrown items, no armour, multi-lived
a: Begin Untransformation


You escaped.
You were a hulking beast.
You visited 1 branch of the dungeon, and saw 3 of its levels.

You collected 70 gold pieces.

Inventory:

Jewellery
 f - a +6 ring of dexterity
Talismans
 b - a beast talisman (active)
 c - a flux talisman
Scrolls
 g - 2 scrolls of identify {unknown}
 j - 2 scrolls of amnesia {unknown}
 k - a scroll of poison {unknown}
 l - a scroll of noise {unknown}
 n - a scroll of brand weapon {unknown}
 p - a scroll of fear {unknown}
 q - 2 scrolls of silence {unknown}
Potions
 a - a potion of lignification
 d - 2 potions of brilliance {unknown}
 e - a potion of degeneration {unknown}
 h - 2 potions of invisibility {unknown}
 i - 2 potions of heal wounds {unknown}
 m - 2 potions of curing {unknown}
 o - a potion of experience {unknown}


   Skills:
 * Level 2.9 Fighting
 - Level 3.0 Dodging
 - Level 3.0 Unarmed Combat
 - Level 3.5 Shapeshifting


You had 2 spell levels left.
You didn't know any spells.
Your spell library contained the following spells:

 Spells                   Type           Power      Damage    Failure   Level
 Slow                     Hex            0%         N/A       34%         1
 Confusing Touch          Hex            0%         N/A       71%         3
 Vampiric Draining        Necr           0%         2d6       71%         3


Dungeon Overview and Level Annotations

Branches:
Dungeon (3/15)

Altars:


Innate Abilities, Weirdness & Mutations

You are a hulking beast.
Your limbs bulge with bestial killing power. (Slay +2)
You have sharp claws.
You have razor-sharp teeth.
You have supernaturally acute eyesight. (SInv)
You cover ground quickly. (Speed+)
You are covered in fur. (AC +1)
Your paws help you pounce on unaware monsters.
You are incapable of wielding weapons or throwing items.
You cannot wear armour.
You gain extra lives every three experience levels.


Message History

The frilled lizard hisses angrily.
You closely miss the frilled lizard. The frilled lizard closely misses you.
You scratch the frilled lizard.
You kill the frilled lizard!
A frilled lizard comes into view.
You claw the frilled lizard!
You kill the frilled lizard!
Done exploring.
Done exploring.
There is a stone staircase leading down here.
You climb downwards.
The gnoll shouts! x2; The adder hisses angrily.
You hear a shout! x2
There is a stone staircase leading up here.
The gnoll barely misses you. The gnoll misses you.
You climb upwards.
There is a stone staircase leading down here.
You closely miss the gnoll. You claw the gnoll.
You bite the gnoll, but do no damage.
The gnoll is heavily wounded.
The gnoll hits you with a +0 flail!
Ouch! That really hurt!
You scratch the gnoll. Your bite misses the gnoll.
The gnoll is severely wounded.
The gnoll completely misses you.
You scratch the gnoll. Your bite misses the gnoll.
The gnoll is severely wounded.
The gnoll barely misses you.
You scratch the gnoll but do no damage. Your bite misses the gnoll.
The gnoll is severely wounded.
The gnoll attacks as it pursues you!
The gnoll hits you from afar with a +0 halberd!
Ouch! That really hurt!
You die...
Your shape twists and changes as you die.
You rejoin the land of the living...
There is a stone staircase leading up here.
You climb upwards.
There is a stone staircase leading down here.
There is a staircase leading out of the dungeon here.
You have escaped!

#.# ####~≈≈≈≈≈≈~######
#.####≈≈~≈≈≈~≈≈≈≈≈#
#..≈≈≈≈≈≈≈≈~.~≈≈≈≈#
##≈≈≈≈≈≈≈≈~.©.~.≈≈#
#≈≈≈≈≈≈≈≈≈~⌠>..≈.~#####
####
#~≈≈≈~~~≈≈~.©.~≈≈.....#
...#
####≈≈≈≈~.~≈≈~~.~≈≈≈≈###.#
##.#
#....≈≈~.©.~≈≈≈~≈≈≈≈~###.#
#.#
#.##≈.≈..h⌠~≈≈≈≈≈≈≈≈≈##...
#.#
#.##≈≈.~.©.~≈≈≈≈≈≈≈≈......
#.#
#.##~≈≈~~.~~≈≈≈≈≈≈≈####...
#.# #.##≈≈≈≈≈~~≈≈≈≈≈#.##
##.# ##.#
#.###~≈≈≈≈≈≈~##.#.# #.#
...# #.#####.####.#..#.##
#.#
########..................#
#.#
#.)..........##.........#
#.#
#.####..####.##.#.#.###.#
#.#


There were no monsters in sight!

Vanquished Creatures
  An adder (D:2)
  A dart slug (D:2)
  3 endoplasms
  3 goblins (D:1)
  2 hobgoblins
  2 jackals (D:1)
  2 quokkas
  A ball python (D:1)
  2 bats
  6 frilled lizards
  4 kobolds
  3 rats
30 creatures vanquished.

Notes
Turn   | Place    | Note
-------+----------+-------------------------------------------
     0 | D:1      | avis the Felid Shapeshifter began the quest for the Orb.
     0 | D:1      | Reached XP level 1. HP: 9/9 MP: 2/2
   195 | D:1      | Reached XP level 2. HP: 12/12 MP: 3/3
   953 | D:2      | Reached XP level 3. HP: 11/16 MP: 4/4
  1300 | D:2      | Slain by a gnoll
  1335 | D:$      | Got out of the dungeon alive.

Illustrated notes

Levels and vault maps discovered:
D:1:      spicycebolla_arrival_transporter_tutorial, layout_loops_ring
D:2:      layout_rooms
D:3:      layout_rooms, kiku_gazebo_pond_becter, uniq_grinder

Skill      XL: |  1  2 |
---------------+-------+-----
Dodging        | 3 |  3.0
Fighting       | 2 |  2.9
Unarmed Combat | |  3.0
Shapeshifting  | |  3.5

Action                     || total
---------------------------++-------
  Melee: Unarmed           ||    65
         Bite              ||     9
         Punch             ||     1
   Stab: Sleeping          ||     4
 Armour: Skin              ||    15
  Dodge: Dodged            ||    39

Table legend: (Time is in decaauts)
 A = Elapsed time spent in this place.
 B = Non-inter-level travel time spent in this place.
 C = Inter-level travel time spent in this place.
 D = Time resting spent in this place.
 E = Time spent auto-exploring this place.
 F = Levels seen in this place.
 G = Mean time per level.
                   A        B        C        D        E       F      G
               +--------+--------+--------+--------+--------+-----+--------+
         Total |   1108 |    981 |    127 |     58 |    629 |   3 |  369.3 |
       Dungeon |   1108 |    981 |    127 |     58 |    629 |   3 |  369.3 |
               +--------+--------+--------+--------+--------+-----+--------+

Top non-repeatable levels by time:
     D:1: 713 daAuts
     D:2: 392 daAuts
     D:3: 1 daAuts
